 Dungeon Crawl Stone Soup version 0.30-a0-930-gb9d0489357 (webtiles) character file.

Game seed: 15783496586465716337

15 mopl the Vexing (level 2, -1/15 HPs)
             Began as a Deep Elf Enchanter on Mar 23, 2023.
             Slain by a kobold
             ... wielding a +0 short sword
              (3 damage)
             ... on level 1 of the Dungeon.
             The game lasted 00:00:55 (405 turns).

mopl the Vexing (Deep Elf Enchanter)                 Turns: 405, Time: 00:00:55

Health: -1/15      AC:  2    Str:  5    XL:     2   Next: 34%
Magic:  3/8        EV: 12    Int: 19    God:
Gold:   23         SH:  0    Dex: 15    Spells: 5/7 levels left

rFire   . . .      SeeInvis .    a - +1 dagger
rCold   . . .      Faith    .    (no shield)
rNeg    . . .      Spirit   .    b - +0 robe
rPois   .          Reflect  .    (no helmet)
rElec   .          Rampage  .    (no cloak)
rCorr   .                        (no gloves)
Will    .....                    (no boots)
Stlth   +++                      (no amulet)
HPRegen 0.22/turn                (no ring)
MPRegen 0.11/turn                (no ring)

@: no status effects
A: no striking features
a: no special abilities


You were on level 1 of the Dungeon.
You visited 1 branch of the dungeon, and saw 1 of its levels.

You collected 23 gold pieces.

Inventory:

Hand Weapons
 a - a +1 dagger (weapon)
Armour
 b - a +0 robe (worn)
Scrolls
 e - a scroll of teleportation {unknown}
 g - a scroll of vulnerability {unknown}
Potions
 c - 2 potions of invisibility
 d - a potion of heal wounds {unknown}
 f - a potion of lignification {unknown}


   Skills:
 + Level 1.3 Short Blades
 - Level 2.4 Dodging
 + Level 3.9 Stealth
 + Level 3.4 Spellcasting
 + Level 4.2 Hexes


You had 5 spell levels left.
You knew the following spells:

 Your Spells              Type           Power      Damage    Failure   Level
b - Ensorcelled Hibernat  Hex/Ice        22%        N/A       9%          2

Your spell library contained the following spells:

 Spells                   Type           Power      Damage    Failure   Level
 Confusing Touch          Hex            19%        N/A       8%          3
 Tukima's Dance           Hex            19%        N/A       8%          3
 Freeze                   Ice            12%        1d3       14%         1
 Dazzling Flash           Conj/Hex       22%        N/A       19%         3
 Frozen Ramparts          Ice            6%         1d1       41%         3
 Hailstorm                Conj/Ice       3%         3d3       41%         3


Dungeon Overview and Level Annotations

Branches:
Dungeon (1/15)

Altars:


Message History

You closely miss the quokka. The quokka barely misses you.
The quokka resists with significant effort.
The quokka barely misses you.
The quokka looks drowsy...
The helpless quokka fails to defend itself.
You impale the quokka!!
You kill the quokka!
g - a scroll labelled PEKKUOHAFI
Found a rapier.
A kobold comes into view. It is wielding a +0 short sword.
Found a glowing quarterstaff.
Found a faded altar of an unknown god.
A rat comes into view.
You hit the kobold but do no damage. The rat bites you.
The kobold hits you with a +0 short sword.
The kobold resists with significant effort.
The rat bites you. The kobold hits you but does no damage.
You hit the kobold.
The kobold is severely wounded.
The rat bites you.
The kobold hits you with a +0 short sword.
* * * LOW HITPOINT WARNING * * *
You are too injured to fight recklessly!
You swing at nothing.
The rat bites you.
* * * LOW HITPOINT WARNING * * *
The kobold hits you with a +0 short sword.
* * * LOW HITPOINT WARNING * * *
The rat bites you.
* * * LOW HITPOINT WARNING * * *
Casting: Ensorcelled Hibernation (safe; 9% risk of failure)
Confirm with . or Enter, or press ? or * to list all spells.
Aiming: Ensorcelled Hibernation (safe; 9% risk of failure)
Press: ? - help, Shift-Dir - straight line, f - rat
Aim: a rat (chance to affect: 62%)
The rat looks drowsy...
The kobold closely misses you.
The helpless rat fails to defend itself.
You puncture the rat!
You kill the rat!
The kobold hits you with a +0 short sword.
You die...

.#..........#.#....
#............##..#
...............#.####
.....................
####.....#####.).# .
#####........# #.
#######.## ..
######.## .#
....~~..@#.#
.~~.~~≈.K†#
~~~~≈~~...#
≈≈~≈≈≈≈~).#
≈~~≈≈≈~...#
≈~.~≈≈≈≈~..
~♣_.~≈≈≈.###
♣..≈≈≈..# ≈~~≈≈≈...


You could see a kobold.

Vanquished Creatures
  2 endoplasms (D:1)
  5 jackals (D:1)
  2 quokkas (D:1)
  A ball python (D:1)
  A frilled lizard (D:1)
  A kobold (D:1)
  2 rats (D:1)
14 creatures vanquished.

Notes
Turn   | Place    | Note
-------+----------+-------------------------------------------
     0 | D:1      | mopl the Deep Elf Enchanter began the quest for the Orb.
     0 | D:1      | Reached XP level 1. HP: 10/10 MP: 6/6
   229 | D:1      | Reached XP level 2. HP: 14/15 MP: 8/8
   232 | D:1      | Learned a level 2 spell: Ensorcelled Hibernation
   396 | D:1      | Found a faded altar of an unknown god.
   405 | D:1      | Slain by a kobold

Illustrated notes

Levels and vault maps discovered:
D:1:      scummos_arrival_hexagon, layout_loops_ring,
          chequers_ecumenical_altar_island, grunt_decor_one_mirror,
          minmay_misc_feat_secret_circle

Action                     || total
---------------------------++-------
  Melee: Dagger            ||    48
   Cast: Ensorcelled Hiber ||     8
   Stab: Sleeping          ||     6
 Armour: Robe              ||    11
  Dodge: Dodged            ||    29

Table legend: (Time is in decaauts)
 A = Elapsed time spent in this place.
 B = Non-inter-level travel time spent in this place.
 C = Inter-level travel time spent in this place.
 D = Time resting spent in this place.
 E = Time spent auto-exploring this place.
 F = Levels seen in this place.
 G = Mean time per level.
                   A        B        C        D        E       F      G
               +--------+--------+--------+--------+--------+-----+--------+
         Total |    402 |    402 |      0 |     88 |    195 |   1 |  402.0 |
       Dungeon |    402 |    402 |      0 |     88 |    195 |   1 |  402.0 |
               +--------+--------+--------+--------+--------+-----+--------+

Top non-repeatable levels by time:
     D:1: 402 daAuts
